Map: 2000 Atmospheres LE

Players

SKillous - Winner!

  • Race: Protoss Protoss

Nice

  • Race: Protoss Protoss

Event: IEM Katowice 2022

VOD

Have the link to the VOD?

Description

Time

  • Played on: Feb. 23, 2022, 7:40 a.m.
  • Length: 7:50

All games in this series

Show
View Real Time Build Order
Export as new Build Order

SKillous Protoss - Winner!

Build Orders:  

Get SALT Encoding   

  12  0:00  Probe  
  13  0:12  Probe  
  14  0:17  Pylon  
  14  0:24  Probe  
  15  0:35  Gateway  
  15  0:36  Probe (Chrono Boost)  
  16  0:46  Probe (Chrono Boost), Assimilator  
  17  0:51  Probe (Chrono Boost)  
  18  0:58  Assimilator  
  18  1:03  Probe (Chrono Boost)  
  19  1:08  Gateway  
  19  1:12  Probe (Chrono Boost)  
  19  1:17  Probe (Chrono Boost)  
  20  1:24  Cybernetics Core  
  21  1:29  Probe  
  22  1:34  Pylon  
  22  1:41  Probe  
  23  1:53  Probe  
  24  1:58  Warp Gate (Chrono Boost)  
  24  2:01  Stalker x2  
  28  2:11  Pylon  
  28  2:16  Shield Battery  
  28  2:30  Pylon  
  28  2:32  Stalker x2  
  32  2:45  Robotics Facility  
  32  2:47  Gateway  
  32  3:02  Stalker  
  32  3:03  Stalker  
  36  3:17  Pylon  
  36  3:29  Warp Prism (Chrono Boost)  
  36  3:43  Stalker x2  
  33  4:01  Stalker  
  31  4:03  Probe  
  24  4:24  Immortal (Chrono Boost)  
  24  4:31  Sentry  
  30  4:38  Shield Battery  
  30  4:42  Probe  
  31  4:47  Sentry  
  33  4:54  Probe  
  34  5:06  Immortal  
  38  5:10  Probe  
  39  5:20  Pylon  
  39  5:38  Adept x2  
  39  5:39  Adept  
  46  5:52  Observer  
  46  5:55  Pylon  
  46  5:56  Probe  
  47  6:09  Probe  
  48  6:21  Sentry x2  
  48  6:22  Stalker  
  48  6:32  Pylon  
  48  6:44  Adept x2  
  48  6:45  Adept  
  54  6:48  Pylon  
  54  7:10  Stalker x2  
  54  7:11  Stalker  
  54  7:14  Pylon  
  56  7:31  Probe  
  56  7:35  Adept x3  
Show
View Real Time Build Order
Export as new Build Order

Nice Protoss 

Build Orders: Blink Stalkers 

Get SALT Encoding   

  12  0:00  Probe  
  13  0:12  Probe  
  14  0:17  Pylon  
  14  0:24  Probe (Chrono Boost)  
  16  0:37  Probe (Chrono Boost)  
  16  0:38  Gateway  
  16  0:42  Probe (Chrono Boost)  
  16  0:46  Assimilator  
  17  0:51  Probe  
  17  0:55  Assimilator  
  18  1:03  Probe (Chrono Boost)  
  19  1:08  Gateway  
  19  1:13  Probe (Chrono Boost)  
  19  1:18  Probe (Chrono Boost)  
  20  1:25  Cybernetics Core  
  21  1:30  Probe  
  22  1:35  Pylon  
  22  1:42  Probe  
  24  1:54  Probe  
  24  2:01  Stalker x2  
  24  2:04  Warp Gate  
  28  2:12  Pylon  
  28  2:31  Stalker x2  
  31  2:38  Twilight Council  
  31  3:01  Stalker x2  
  35  3:11  Gateway  
  35  3:14  Pylon, Blink (Chrono Boost)  
  35  3:35  Pylon  
  35  3:44  Pylon  
  29  4:07  Stalker  
  29  4:08  Stalker  
  30  4:13  Stalker  
  31  4:22  Probe (Chrono Boost)  
  32  4:31  Sentry  
  32  4:34  Probe (Chrono Boost)  
  35  4:39  Probe (Chrono Boost)  
  35  4:40  Stalker  
  38  4:48  Probe  
  39  4:58  Stalker x2  
  43  5:03  Pylon  
  43  5:14  Sentry  
  45  5:31  Nexus  
  45  5:36  Probe  
  46  5:47  Shield Battery  
  46  5:48  Probe  
  43  5:52  Sentry  
  45  6:00  Robotics Facility, Probe  
  41  6:15  Probe (Chrono Boost)  
  39  6:23  Sentry, Stalker  
  43  6:25  Probe (Chrono Boost)  
  44  6:42  Stalker  
  45  6:48  Stalker x2  
  49  6:54  Probe  
  49  6:55  Probe  
  51  7:11  Stalker  
  51  7:12  Stalker  
  55  7:19  Shield Battery  
  48  7:33  Stalker  
  48  7:34  Stalker  

Tags
 
Add a new tag
Caveats
  • Supply blocks, unpowered buildings, or Contaminate may cause inaccurate times.
  • Supply counts are checked every 10 seconds.